 Dungeon Crawl Stone Soup version 0.29-a0-474-gdfe5cd140f (webtiles) character file.

Game seed: 8770084526680797699

507 bande the Chopper (level 7, -11/44 HPs)
             Began as a Gargoyle Fighter on May 24, 2022.
             Mangled by Duvessa
             ... wielding a +0 short sword
              (12 damage)
             ... on level 3 of the Dungeon.
             The game lasted 00:06:01 (3484 turns).

bande the Chopper (Gargoyle Fighter)                Turns: 3484, Time: 00:06:01

Health: -11/44     AC: 14    Str: 25    XL:     7   Next: 18%
Magic:  7/7        EV:  8    Int:  9    God:
Gold:   101        SH:  4    Dex: 11    Spells: 6/6 levels left

rFire   + . .      SeeInvis .   a - +0 war axe
rCold   . . .      Faith    +   c - +0 buckler
rNeg    + . .      Spirit   .   e - +0 chain mail
rPois   ∞          Reflect  .   (no helmet)
rElec   +          Harm     .   (no cloak)
rCorr   .          Rampage  .   (no gloves)
Will    .....                   (no boots)
Stlth   ..........              o - amulet of faith
HPRegen 0.14/turn               h - ring of protection from fire
MPRegen 0.10/turn               q - +6 ring of strength

@: studying Axes
A: sickness immunity, AC +4, negative energy resistance 1, electricity
resistance, torment resistance 1, petrification resistance
a: no special abilities


You were on level 3 of the Dungeon.
You visited 1 branch of the dungeon, and saw 4 of its levels.

You collected 101 gold pieces.

Inventory:

Hand Weapons
 a - a +0 war axe (weapon)
Armour
 c - a +0 buckler (worn)
 e - a +0 chain mail (worn)
Jewellery
 h - a ring of protection from fire (left hand)
 o - an amulet of faith (around neck)
 q - a +6 ring of strength (right hand)
Scrolls
 i - 3 scrolls of blinking
Potions
 b - a potion of cancellation
 d - a potion of might
 g - a potion of heal wounds
 j - a potion of ambrosia
 k - 2 potions of brilliance {unknown}
 l - 2 potions of haste
 n - a potion of curing {unknown}
 p - a potion of attraction {unknown}


   Skills:
 + Level 4.7 Fighting
 + Level 6.6 Axes
 + Level 5.0 Armour
 + Level 4.1 Shields


You had 6 spell levels left.
You didn't know any spells.
Your spell library contained the following spells:

 Spells                   Type           Power      Damage    Failure   Level
 Wereblood                Tmut           0%         N/A       99%         2
 Summon Hydra             Summ           0%         N/A       100%        7
 Sublimation of Blood     Necr           Unusable   N/A       N/A         2

Dungeon Overview and Level Annotations

Branches:
Dungeon (4/15)
 Temple: D:4-7

Altars:
Uskayaw

Annotations:
D:3 Duvessa


Innate Abilities, Weirdness & Mutations

You are immune to sickness and miasma.
Your stone body is resilient. (AC +4)
You are immune to poison.
You resist negative energy. (rN+)
You are resistant to electric shocks. (rElec)
You are resistant to unholy torment.
You are immune to petrification.


Message History

Duvessa barely misses you.
Unknown command.
You hit Duvessa but do no damage.
Duvessa is heavily wounded.
Duvessa hits you but does no damage.
Duvessa says, "Where magic fails, the sword succeeds!"
Duvessa hits you but does no damage.
Unknown command.
You closely miss Dowan.
Dowan is almost dead.
You hit Duvessa but do no damage. Duvessa hits you with a +0 short sword!
Dowan hits you but does no damage. Duvessa barely misses you.
You hit Dowan but do no damage.
Dowan is almost dead.
You hit Duvessa. Duvessa closely misses you. Dowan hits you but does no damage.
Duvessa hits you but does no damage.
Dowan drinks a potion.
Dowan seems to grow stronger.
You barely miss Dowan.
Dowan is almost dead.
You hit Duvessa but do no damage. Duvessa hits you with a +0 short sword.
Duvessa hits you but does no damage. Dowan hits you with a +0 dagger.
Unknown command.
You slash Dowan!
You kill Dowan!
Duvessa weeps, and shakes her weapon.
Duvessa goes berserk!
You hit Duvessa but do no damage. Duvessa hits you with a +0 short sword.
You block Duvessa's attack.
Your Armour skill increases to level 5!
Duvessa hits you with a +0 short sword!
* * * LOW HITPOINT WARNING * * *
There is a stone staircase leading down here.
Things that are here:
a +0 dagger; a +0 robe Unknown command.
You hit Duvessa.
Duvessa is heavily wounded.
Duvessa hits you with a +0 short sword.
* * * LOW HITPOINT WARNING * * *
Duvessa hits you with a +0 short sword!
You die...

#.## #..###.#.## #.#
#..####.## #.# #.......#
#.## ##.###..# #..# #.#
#..# ##.# #.# #..# ##.#
#.###..######## ##.#
#.....e.......# ##.#
#####@#######.# #.#
#####.#^......#
#.#########.....#.#######
#..<............#.# #.#
###########.#####.# #.#
#.# #.# #.# #.# ##.# #.#
############.# #..# #.#
....#.....##.# #.## #.#


You could see Duvessa (berserk, fast).

Vanquished Creatures
  Sigmund (D:2)
  A phantom (D:4)
  A necrophage (D:3)
  Dowan (D:3)
  Jessica (D:2)
  A gnoll (D:1)
  6 adders
  A worm (D:3)
  2 dart slugs (D:1)
  2 orcs
  15 ball pythons
  8 endoplasms
  4 giant cockroaches
  2 goblins
  3 hobgoblins
  4 quokkas
  3 bats
  2 frilled lizards (D:1)
  5 kobolds (D:1)
  9 rats
72 creatures vanquished.

Notes
Turn   | Place    | Note
-------+----------+-------------------------------------------
     0 | D:1      | bande the Gargoyle Fighter began the quest for the Orb.
     0 | D:1      | Reached XP level 1. HP: 14/14 MP: 1/1
   234 | D:1      | Reached XP level 2. HP: 20/20 MP: 2/2
   700 | D:1      | Reached skill level 2 in Axes
   753 | D:1      | Reached XP level 3. HP: 18/24 MP: 3/3
   840 | D:1      | Found a faded altar of an unknown god.
  1474 | D:2      | Reached XP level 4. HP: 24/29 MP: 4/4
  1529 | D:2      | Identified a scroll of acquirement
  1529 | D:2      | Acquired a manual of Axes
  1571 | D:2      | Noticed Jessica
  1576 | D:2      | Killed Jessica
  1577 | D:2      | Reached skill level 3 in Axes
  2051 | D:2      | Noticed Sigmund
  2057 | D:2      | Killed Sigmund
  2058 | D:2      | Reached skill level 5 in Axes
  2058 | D:2      | Reached XP level 5. HP: 30/34 MP: 5/5
  2058 | D:2      | Reached XP level 6. HP: 35/39 MP: 6/6
  2602 | D:3      | Found a hide-covered altar of Uskayaw.
  3178 | D:4      | Reached skill level 6 in Axes
  3316 | D:4      | Noticed Duvessa
  3316 | D:4      | Noticed Dowan
  3475 | D:3      | Reached XP level 7. HP: 38/44 MP: 7/7
  3482 | D:3      | Killed Dowan
  3483 | D:3      | Reached skill level 5 in Armour
  3484 | D:3      | HP: 1/44 [Duvessa/+0 short sword (6)]
  3484 | D:3      | Mangled by Duvessa

Illustrated notes

Levels and vault maps discovered:
D:1:      mrwooster_arrival_statue_2, layout_basic,
          shapermc_ecumenical_altar_notcrosses
D:2:      layout_loops_ring, uniq_sigmund, uniq_jessica
D:3:      layout_loops_ring, mainiacjoe_overflow_24_doors, minivault_26,
          corner_web_ring, minmay_misc_feat_ornament
D:4:      layout_basic, uniq_duvessa

Skill      XL: |  1  2  3  4  5  6  7 |
---------------+----------------------+-----
Axes           | 2 5 6 |  6.6
Fighting       | 4 |  4.7
Armour         | 4 5 |  5.0
Shields        | 4 |  4.1

Action                   |  1- 3 |  4- 6 |  7- 9 || total
-------------------------+-------+-------+-------++-------
Melee: War axe           |    89 |   146 |     9 ||   244
  Use: Scroll            |     4 |     8 |       ||    12
       Potion            |       |     1 |       ||     1
Armor: Scale mail        |     9 |       |       ||     9
       Chain mail        |    54 |   111 |     7 ||   172
Dodge: Dodged            |    34 |    61 |     4 ||    99
Block: Buckler           |    13 |    29 |     1 ||    43

Table legend: (Time is in decaauts)
 A = Elapsed time spent in this place.
 B = Non-inter-level travel time spent in this place.
 C = Inter-level travel time spent in this place.
 D = Time resting spent in this place.
 E = Time spent auto-exploring this place.
 F = Levels seen in this place.
 G = Mean time per level.
                   A        B        C        D        E       F      G
               +--------+--------+--------+--------+--------+-----+--------+
         Total |   3570 |   3570 |      0 |    155 |   2752 |   4 |  892.5 |
       Dungeon |   3570 |   3570 |      0 |    155 |   2752 |   4 |  892.5 |
               +--------+--------+--------+--------+--------+-----+--------+

Top non-repeatable levels by time:
     D:1: 1429 daAuts
     D:3: 1022 daAuts
     D:2: 937 daAuts
     D:4: 181 daAuts
